 Dungeon Crawl Stone Soup version 0.31-a0-369-g8eba5f6939 (webtiles) character file.

Game seed: 16008717949196291142

24971 CraigForest the Grappler (level 12, -3/84 HPs)
             Began as a Demonspawn Shapeshifter on July 28, 2023.
             Was a High Priest of Qazlal.
             Slain by a sixfirhy (11 damage)
             ... summoned by an orc sorcerer
             ... led by an orc warlord
             ... on level 2 of the Orcish Mines on July 29, 2023.
             The game lasted 01:37:58 (14266 turns).

CraigForest the Grappler (Demonspawn Shapeshifter) Turns: 14266, Time: 01:37:58

Health: -3/84      AC: 13    Str: 33    XL:     12   Next: 85%
Magic:  24/24      EV: 13    Int: 12    God:    Qazlal [*****.]
Gold:   3464       SH: 13    Dex: 13    Spells: 13/15 levels left

rFire   + .          .
                       - Unarmed
rCold   . . .        F - +0 buckler
rNeg    . . .        C - +1 swamp dragon scales
rPois   +            (helmet currently unavailable)
rElec   .            (cloak currently unavailable)
rCorr   .            (gloves currently unavailable)
SInv    .            (boots currently unavailable)
Will    .....        (no amulet)
Stlth   +            P - ring "Ginath" {MP+9 Str+6 Int+2}
HPRegen 1.34/turn    y - +6 ring of strength
MPRegen 0.19/turn

%: repel missiles
@: beast-form, protected from fire, studying Armour
A: beast (slay +4), yellow scales 2, powered by death 1, condensation shield,
demonic touch 1
a: Begin Untransformation, Renounce Religion, Upheaval, Elemental Force,
Disaster Area


You were on level 2 of the Orcish Mines.
You worshipped Qazlal.
Qazlal was extremely pleased with you.
You were a hulking beast.
You visited 5 branches of the dungeon, and saw 19 of its levels.

You collected 3464 gold pieces.

Inventory:

Hand Weapons
 m - a +1 vampiric hand axe
 v - a +2 halberd of protection
 B - a +0 glaive
 W - a +5 war axe of freezing
 X - a +4 trident of freezing
 Y - a +6 flail
 Z - a +3 battleaxe of freezing
Missiles
 E - 5 javelins
 N - 28 poisoned darts (quivered)
Armour
 d - a +2 helmet
 g - a +0 pair of boots
 C - +1 swamp dragon scales (worn)
 F - a +0 buckler (worn)
 I - a +0 pair of gloves
 V - a +1 hat
Magical Staves
 J - a staff of poison
Jewellery
 h - a ring of protection from fire
 s - an amulet of faith
 y - a +6 ring of strength (right hand)
 P - the ring "Ginath" (left hand) {MP+9 Str+6 Int+2}
   (You found it on level 10 of the Dungeon)

   [ring of strength]

   Str:       It affects your strength (+6).
   Int:       It affects your intelligence (+2).
   MP:        It affects your magic capacity (+9).
Talismans
 c - a beast talisman
 Q - a blade talisman
Wands
 a - a wand of flame (11)
 j - a wand of paralysis (5)
 k - a wand of roots (15)
 o - a wand of mindburst (9)
 p - a wand of digging (8)
 A - a wand of polymorph (15)
 D - a wand of acid (19)
Scrolls
 f - a scroll of amnesia {unknown}
 n - a scroll of revelation {unknown}
 r - a scroll of fog {unknown}
 t - a scroll of fear {unknown}
 u - a scroll of vulnerability {unknown}
 w - 3 scrolls of enchant weapon
 x - a scroll of immolation
 H - a scroll of silence
 L - a scroll of teleportation
 M - a scroll of torment {unknown}
 U - 2 scrolls of poison
Potions
 b - 5 potions of lignification
 e - 3 potions of heal wounds
 i - a potion of haste
 l - 4 potions of mutation
 q - a potion of resistance
 z - 3 potions of enlightenment
 G - 2 potions of cancellation
 K - 3 potions of brilliance
 O - 3 potions of curing
 S - a potion of ambrosia
 T - a potion of might


   Skills:
 + Level 4.5 Fighting
 + Level 5.2 Throwing
 * Level 8.1 Armour
 + Level 6.2 Dodging
 + Level 7.6 Shields
 + Level 12.5 Unarmed Combat
 + Level 2.1 Spellcasting
 - Level 2.2 Conjurations
 + Level 2.5 Evocations
 + Level 6.2 Shapeshifting


You had 13 spell levels left.
You knew the following spells:

 Your Spells              Type           Power      Damage    Failure   Level
a - Foxfire               Conj/Fire      12%        2x1d4     26%         1
b - Magic Dart            Conj           24%        1d4       16%         1

Your spell library contained the following spells:

 Spells                   Type           Power      Damage    Failure   Level
 Apportation              Tloc           2%         N/A       36%         1
 Freeze                   Ice            4%         1d3       36%         1
 Necrotise                Necr           4%         1d4       36%         1
 Summon Small Mammal      Summ           4%         N/A       36%         1
 Call Imp                 Summ           2%         N/A       52%         2
 Hailstorm                Conj/Ice       3%         3d3       58%         3
 Mephitic Cloud           Conj/Pois/Air  3%         N/A       65%         3
 Frozen Ramparts          Ice            2%         1d1       75%         3
 Vampiric Draining        Necr           1%         2d6       75%         3
 Animate Dead             Necr           1%         N/A       98%         4
 Olgreb's Toxic Radiance  Pois           1%         N/A       98%         4
 Petrify                  Tmut/Erth      1%         N/A       98%         4
 Agony                    Necr           1%         N/A       100%        5
 Borgnjor's Vile Clutch   Necr/Erth      0%         N/A       100%        5
 Metabolic Englaciation   Hex/Ice        0%         N/A       100%        5
 Death Channel            Necr           0%         N/A       100%        6
 Plasma Beam              Fire/Air       0%         2x1d10    100%        6
 Starburst                Conj/Fire      1%         6d3       100%        6
 Discord                  Hex            0%         N/A       100%        8
 Ignition                 Fire           0%         3d3       100%        8


Dungeon Overview and Level Annotations

Branches:
Dungeon (12/15)            Temple (1/1) D:4            Lair (3/5) D:11
  Swamp (0/4) Lair:3        Snake (1/4) Lair:3          Orc (2/2) D:9
    Elf: Orc:2

Altars:
Ashenzari
Cheibriados
Dithmenos
Fedhas
Gozag
Hepliaklqana
Kikubaaqudgha
Makhleb
Nemelex Xobeh
Okawaru
Qazlal
Ru
Sif Muna
Trog
Uskayaw
Vehumet
Wu Jian
Xom
Yredelemnul

Shops:
D:5 (   D:7 !   D:9 :   Orc:2 !


Innate Abilities, Weirdness & Mutations

You are a hulking beast.
Your limbs bulge with bestial killing power. (Slay +4)
You are mostly covered in yellow scales. (AC +3)
You regenerate a little health from kills.
A meltable shield of frost defends you. (SH +0)
Your touch may inflict minor irresistible damage on your foes.


Message History

The warg is heavily wounded.
The warg misses you.
You pummel the warg!!
You kill the warg!
Qazlal accepts your kill.
You feel less protected from electricity.
No target in view!
You climb downwards.
You hear a shout!
You hear a howl!
The sixfirhy is engulfed in freezing vapours.
You block the sixfirhy's attack.
The sixfirhy is engulfed in freezing vapours.
The sixfirhy hits you. The sixfirhy shocks you!
You feel protected from electricity.
The sixfirhy is engulfed in freezing vapours.
You block the sixfirhy's attack.
The sixfirhy is engulfed in freezing vapours.
The sixfirhy misses you. The warg misses you.
The sixfirhy is engulfed in freezing vapours.
The sixfirhy misses you. The sun demon hits you!
You are engulfed in flames!!
Your condensation shield dissipates!
Your resistance to electricity fades away.
You feel protected from fire.
* * * LOW HITPOINT WARNING * * *
The orc warlord roars a battlecry!
The orcs go into a battle-frenzy!
An orc priest comes into view. It is wielding a +0 flail.
The orc closely misses you.
The sixfirhy is engulfed in freezing vapours.
The sixfirhy hits you but does no damage.
You block the warg's attack.
The sun demon hits you but does no damage.
You hear a shout!
There is a stone staircase leading up, spattered with blood here.
You hear a howl!
You hear a shout!
The sixfirhy is engulfed in freezing vapours.
The sixfirhy hits you.
* * * LOW HITPOINT WARNING * * *
The sixfirhy shocks you!
You die...

#...o..
###.....∩..
..........
.......... #
......... ##.
##.........
#...#4#.#3.....
#3hh........
##o3oo.ooo..
##o4)......
oooo######o


..ohoo# .o.o.o4o# .oo...o.# .o.4...o# o.......# You could see an orc warlord, 2
orc high priests, a sun demon (summoned), 2 rust devils, a sixfirhy (summoned),
a neqoxec (summoned), a warg, 2 orc sorcerers, a red devil (summoned), 2 orc
warriors, 5 orc priests and 3 orcs.

Vanquished Creatures
  Gastronok (D:8)
  4 two-headed ogres
  A lindwurm (Lair:2)
  An ugly thing (D:12)
  A manticore (D:11)
  4 cyclopes
  A naga mage (Snake:1)
  A black mamba (Lair:3)
  A gargoyle (D:11)
  Psyche (D:8)
  Maggie (D:7)
  2 cane toads (Lair:3)
  3 komodo dragons
  A troll (D:9)
  4 kobold demonologists
  A wolf spider simulacrum (D:11)
  2 hornets
  Prince Ribbit (D:7)
  12 blink frogs
  2 slime creatures
  2 wyverns
  Eustachio (D:6)
  A basilisk (Lair:3)
  14 yaks
  2 wraiths
  A steam dragon (D:7)
  A naga (Lair:3)
  3 wargs (Orc:1)
  2 vampire mosquitoes (D:10)
  Duvessa (D:7)
  6 orc warriors
  2 water moccasins (Lair:1)
  3 sky beasts
  4 ice beasts
  9 black bears
  2 ogres
  6 wolves (Lair:1)
  5 centaurs
  A phantom (D:5)
  3 kobold brigands
  5 bullfrogs
  A gnoll sergeant (D:9)
  4 scorpions
  9 wights
  Dowan (D:7)
  33 killer bees
  7 howler monkeys
  2 electric eels (Lair:3)
  4 hounds
  A jelly (D:6)
  8 orc priests
  A sleepcap (D:5)
  Terence (D:3)
  2 iguanas
  14 orc wizards
  17 gnolls
  8 adders
  5 shadow imps (D:6)
  A white imp (D:7)
  2 ufetubi (D:5)
  52 orcs
  6 ball pythons
  2 bats
  8 endoplasms
  3 giant cockroaches
  31 goblins
  28 hobgoblins
  4 jackals (D:3)
  32 kobolds
  4 quokkas
  2 frilled lizards (D:3)
  2 rats (D:1)
  4 foxfires
418 creatures vanquished.

Vanquished Creatures (others)
  19 foxfires
19 creatures vanquished.

Grand Total: 437 creatures vanquished

Notes
Turn   | Place    | Note
-------+----------+-------------------------------------------
     0 | D:1      | CraigForest the Demonspawn Shapeshifter began the quest for
                  | the Orb.
     0 | D:1      | Reached XP level 1. HP: 15/15 MP: 1/1
   105 | D:1      | Gained mutation: Your touch may inflict minor irresistible
                  | damage on your foes. [demonic ancestry]
   105 | D:1      | Reached XP level 2. HP: 21/21 MP: 2/2
   176 | D:1      | Reached skill level 3 in Unarmed Combat
   564 | D:2      | Gained mutation: A meltable shield of frost defends you.
                  | (SH +0) [demonic ancestry]
   564 | D:2      | Reached XP level 3. HP: 12/26 MP: 3/3
  1152 | D:3      | Gained mutation: You are partially covered in yellow
                  | scales. (AC +2) [demonic ancestry]
  1152 | D:3      | Reached XP level 4. HP: 30/32 MP: 4/4
  1203 | D:3      | Learned a level 1 spell: Foxfire
  1314 | D:3      | Noticed Terence
  1321 | D:3      | Killed Terence
  1331 | D:3      | Reached skill level 4 in Unarmed Combat
  1373 | D:3      | Gained mutation: You are mostly covered in yellow scales.
                  | (AC +3) [demonic ancestry]
  1373 | D:3      | Reached XP level 5. HP: 29/37 MP: 5/5
  1766 | D:3      | Reached skill level 1 in Armour
  2228 | D:3      | Reached XP level 6. HP: 41/43 MP: 6/6
  3038 | D:4      | Found a staircase to the Ecumenical Temple.
  3062 | Temple   | Entered the Ecumenical Temple
  3099 | Temple   | Became a worshipper of Qazlal Stormbringer
  3491 | D:4      | Reached skill level 5 in Unarmed Combat
  3515 | D:4      | Found a hide-covered altar of Uskayaw.
  3515 | D:4      | Found a radiant altar of Vehumet.
  3665 | D:5      | Entered Level 5 of the Dungeon
  3670 | D:5      | Reached XP level 7. HP: 50/50 MP: 7/7
  3783 | D:5      | Reached skill level 1 in Shields
  3931 | D:5      | You fall into a shaft and drop 3 floors!
  4061 | D:8      | Noticed Gastronok
  4130 | D:7      | Reached skill level 6 in Unarmed Combat
  4164 | D:7      | Reached XP level 8. HP: 15/57 MP: 8/8
  4174 | D:7      | Noticed Maggie
  4296 | D:5      | Reached * piety under Qazlal
  4506 | D:5      | Found an ornate altar of the Wu Jian Council.
  4666 | D:5      | Found Vuthrump's Hydra Hut.
  4690 | D:5      | Reached skill level 1 in Throwing
  5058 | D:5      | Noticed a six-headed hydra
  5192 | D:6      | Noticed Eustachio
  5226 | D:6      | Reached skill level 7 in Unarmed Combat
  5236 | D:6      | Killed Eustachio
  5681 | D:6      | Gained mutation: You regenerate a little health from kills.
                  | [demonic ancestry]
  5681 | D:6      | Reached XP level 9. HP: 45/62 MP: 9/9
  5746 | D:6      | Found a transporter.
  5751 | D:6      | Noticed a kobold demonologist
  5752 | D:6      | Noticed a kobold demonologist
  5765 | D:6      | Found a transporter.
  5793 | D:6      | Killed a kobold demonologist
  5794 | D:6      | Reached skill level 1 in Evocations
  5801 | D:6      | Noticed an ice devil
  5801 | D:6      | Killed a kobold demonologist
  5905 | D:6      | Paralysed by a hornet for 3 turns
  5913 | D:6      | Reached skill level 5 in Armour
  6029 | D:6      | Reached skill level 5 in Shapeshifting
  6223 | D:6      | Found a basalt altar of Yredelemnul.
  6337 | D:7      | Noticed Dowan
  6339 | D:7      | Noticed Duvessa
  6348 | D:7      | Killed Duvessa
  6350 | D:7      | Killed Dowan
  6356 | D:7      | Reached skill level 8 in Unarmed Combat
  6367 | D:7      | Reached ** piety under Qazlal
  6391 | D:7      | Found a burning altar of Makhleb.
  6448 | D:7      | Found Tosentast's Distillery.
  6564 | D:7      | Killed Maggie
  6817 | D:7      | Reached XP level 10. HP: 60/70 MP: 6/10
  6855 | D:7      | Noticed Prince Ribbit
  6863 | D:7      | Killed Prince Ribbit
  7092 | D:7      | Learned a level 1 spell: Magic Dart
  7524 | D:8      | Killed Gastronok
  7525 | D:8      | Reached skill level 9 in Unarmed Combat
  7525 | D:8      | Reached skill level 1 in Spellcasting
  7525 | D:8      | Reached skill level 1 in Conjurations
  7644 | D:8      | Reached *** piety under Qazlal
  7862 | D:8      | Noticed Psyche
  7879 | D:8      | Killed Psyche
  8219 | D:9      | Found Oqateis's Vocational Training.
  8232 | D:9      | Found a staircase to the Orcish Mines.
  9117 | D:10     | Entered Level 10 of the Dungeon
  9162 | D:10     | Reached XP level 11. HP: 59/76 MP: 13/13
  9259 | D:10     | Reached skill level 10 in Unarmed Combat
  9291 | D:10     | Identified the ring "Ginath" {MP+9 Str+6 Int+2}
  9424 | D:10     | Noticed a two-headed ogre
  9428 | D:10     | Killed a two-headed ogre
  9493 | D:10     | Identified 2 scrolls of acquirement
  9493 | D:10     | Acquired 1094 gold pieces
  9497 | D:10     | Acquired 970 gold pieces
 10049 | D:10     | Found a shimmering blue altar of Sif Muna.
 10189 | D:11     | Found a staircase to the Lair.
 10203 | D:11     | Reached **** piety under Qazlal
 10218 | D:11     | Noticed a soul eater
 10415 | D:11     | Noticed a two-headed ogre
 10420 | D:11     | Reached skill level 5 in Shields
 10424 | D:11     | Noticed a two-headed ogre
 10424 | D:11     | Killed a two-headed ogre
 10425 | D:11     | Reached skill level 5 in Dodging
 10425 | D:11     | Reached skill level 11 in Unarmed Combat
 10429 | D:11     | Killed a two-headed ogre
 10447 | D:11     | Noticed a two-headed ogre
 10453 | D:11     | Killed a two-headed ogre
 10902 | Lair:1   | Entered Level 1 of the Lair of Beasts
 11077 | Lair:1   | Reached ***** piety under Qazlal
 11078 | Lair:1   | Reached XP level 12. HP: 83/83 MP: 15/15
 11163 | Lair:1   | Reached skill level 5 in Throwing
 11368 | Lair:1   | You fall into a shaft and drop 1 floor!
 11616 | Lair:2   | Reached skill level 12 in Unarmed Combat
 11978 | Lair:2   | Acquired a manual of Armour
 12443 | Lair:3   | Found a staircase to the Snake Pit.
 12627 | Lair:3   | Found a staircase to the Swamp.
 13451 | Snake:1  | Entered Level 1 of the Snake Pit
 13697 | Orc:1    | Entered Level 1 of the Orcish Mines
 14227 | Orc:2    | Entered Level 2 of the Orcish Mines
 14227 | Orc:2    | Found Adais's Distillery.
 14236 | Orc:2    | Noticed an orc warlord
 14238 | Orc:2    | Noticed an orc high priest
 14238 | Orc:2    | Noticed an orc high priest
 14254 | Orc:2    | Noticed an orc high priest
 14266 | Orc:2    | Slain by a sixfirhy

Illustrated notes

Levels and vault maps discovered:
D:1:      noname_arrival_rooms_in_the_neighbourhood, layout_rooms,
          amcnicky_mini_rare_corridor_liquid, chequers_serial_rivers_micro_a
D:2:      layout_rooms, minmay_tromino_v4_c
D:3:      minmay_goblin_kobold_castle, layout_loops_ring,
          grunt_decor_resistance, minmay_misc_feat_square, uniq_terence
D:4:      layout_loops_cross, gammafunk_temple_overflow_pools,
          minmay_temple_entry_offerings, serial_glass, glass_columns_a,
          glass_columns_b, glass_columns_a, glass_columns_a, glass_columns_a,
          glass_columns_c, minmay_strange_pillars, feat_on_display,
          due_unseen_surprise
D:5:      layout_basic, nicolae_wu_jian_immortal_techniques,
          doesnt_shop_hydraphobe
D:6:      gammafunk_wand_slinger, layout_cave_pools, mainiacjoe_overflow_paths,
          general_overflow_altar, bh_walls_and_bars, uniq_eustachio
D:7:      layout_loops_ring, lemuel_round_altar, lemuel_coloured_pillars_altar,
          serial_shops, nicolae_shop_tiny_glass, minivault_27,
          minmay_microvault, uniq_maggie, uniq_prince_ribbit1, uniq_duvessa
D:8:      layout_cave_pods, uniq_gastronok, uniq_psyche
D:9:      hellmonk_crumbling_castle, layout_gridville, nicolae_shop_vocational
D:10:     layout_basic, tgw_sif
D:11:     nicolae_hitomezashi [nicolae_hito_row, nicolae_hito_row,
          nicolae_hito_row, nicolae_hito_row, nicolae_hito_row,
          nicolae_hito_row, nicolae_hito_row, nicolae_hito_row,
          nicolae_hito_row, nicolae_hito_row, nicolae_hito_row,
          nicolae_hito_row, nicolae_hito_row, nicolae_hito_row,
          nicolae_hito_row, nicolae_hito_row, nicolae_hito_row,
          nicolae_hito_row], layout_irregular_city, due_lair_maze_entry_diamond
D:12:     layout_rooms, serial_shops, nicolae_shop_crystal,
          nicolae_houndstooth_variations
Temple:   nicolae_temple_superstar
Lair:1:   layout_cave_shapes
Lair:2:   wad_woods_minihive, layout_loops_ring
Lair:3:   layout_cave_pods, swamp_mist_pool, guppyfry_snake_entry_garden
Snake:1:  layout_misc_corridors, serial_shops, nicolae_shop_overgrown_old_shop,
          shop, shop, nicolae_snake_biting_tails, serial_nicolae_subway,
          nicolae_sub_station_crystal, nicolae_sub_station_metal,
          nicolae_sub_station_stone
Orc:1:    layout_diamond_mine, basic_altar, nicolae_orc_crystal_geode
Orc:2:    st_orc_town, layout_caves, basic_altar, serial_shops, shop

Skill      XL: |  1  2  3  4  5  6  7  8  9 10 11 12 |
---------------+-------------------------------------+-----
Unarmed Combat | 3 4 5 6 7 8 9 11 12 | 12.5
Shapeshifting  | 3 4 5 6 |  6.2
Dodging        | 2 3 4 5 6 |  6.2
Armour         | 1 2 3 4 5 6 8 |  8.1
Fighting       | 2 3 4 |  4.5
Shields        | 1 2 3 5 7 |  7.6
Throwing       | 1 4 5 |  5.2
Evocations     | 1 2 |  2.5
Spellcasting   | 1 2 |  2.1
Conjurations   | 2 |  2.2

Action                     |  1- 3 |  4- 6 |  7- 9 | 10-12 || total
---------------------------+-------+-------+-------+-------++-------
  Melee: Unarmed           |    77 |   224 |   233 |   641 ||  1175
         Punch             |     2 |     2 |    10 |    10 ||    24
         Touch             |    14 |    39 |    36 |    24 ||   113
  Throw: Boomerang         |       |     3 |    69 |       ||    72
         Dart              |       |       |     6 |    25 ||    31
   Cast: Foxfire           |       |       |     3 |    13 ||    16
         Magic Dart        |       |       |       |     6 ||     6
  Evoke: Wand              |       |     5 |     8 |     9 ||    22
    Use: Scroll            |       |     3 |     2 |    16 ||    21
         Potion            |       |       |     2 |       ||     2
 Armour: Animal skin       |    10 |       |       |       ||    10
         Ring mail         |     6 |       |       |       ||     6
         Scale mail        |     1 |    98 |   121 |       ||   220
         Swamp dragon scal |       |       |     4 |   206 ||   210
         Skin              |       |       |       |     3 ||     3
  Dodge: Dodged            |    53 |   124 |   122 |   335 ||   634
         Repelled          |       |       |       |     1 ||     1
  Block: Other             |     2 |    45 |    41 |    41 ||   129
         Buckler           |       |       |       |   444 ||   444
         Form:             |       |       |       |     1 ||     1
         Beast             |       |       |       |     1 ||     1

Table legend: (Time is in decaauts)
 A = Elapsed time spent in this place.
 B = Non-inter-level travel time spent in this place.
 C = Inter-level travel time spent in this place.
 D = Time resting spent in this place.
 E = Time spent auto-exploring this place.
 F = Levels seen in this place.
 G = Mean time per level.
                   A        B        C        D        E       F      G
               +--------+--------+--------+--------+--------+-----+--------+
         Total |  14109 |  13372 |    737 |    268 |   9392 |  19 |  742.6 |
       Dungeon |  10886 |  10252 |    634 |    261 |   7256 |  12 |  907.2 |
        Temple |     45 |     39 |      6 |      0 |      0 |   1 |   45.0 |
          Lair |   2596 |   2500 |     96 |      7 |   1748 |   3 |  865.3 |
     Snake Pit |     19 |     19 |      0 |      0 |      0 |   1 |   19.0 |
  Orcish Mines |    561 |    561 |      0 |      0 |    387 |   2 |  280.5 |
               +--------+--------+--------+--------+--------+-----+--------+

Top non-repeatable levels by time:
     D:3: 1854 daAuts
     D:5: 1389 daAuts
  Lair:3: 1271 daAuts
    D:10: 1049 daAuts
     D:8: 1036 daAuts
     D:9: 1011 daAuts
     D:7: 1007 daAuts
     D:6: 968 daAuts
  Lair:2: 812 daAuts
    D:11: 790 daAuts
     D:4: 624 daAuts
     D:2: 575 daAuts
     D:1: 553 daAuts
   Orc:1: 541 daAuts
  Lair:1: 513 daAuts
